AoeStats
← DonJuan14

Black Forest

504680101Analyzed
4v4 RM · 27d ago on Sep 6, 2026· 102m 57s· 8 players
Game mode
Random Map
Map size
Large (8 player)
Population
200
Speed
Normal
Resources
Standard
Victory
Conquest
Starting age
Dark Age
Ending age
Imperial Age
RankedLock teamsTeams togetherTeam positionsShared explorationLock speedFull tech treeHidden civsTurbo modeCheats
Victory
Defeat
🇨🇳 Georgians · China
1038
+13
🇨🇳 Franks · China
963
+16
🇨🇳 Cumans · China
941
+17
🇨🇳 Persians · China
921
+17
🇹🇷 Slavs · Türkiye
999
-17
🇩🇪 Chinese · Germany
969
-38
🇨🇳 Hindustanis · China
956
-16
🇿🇦 Mongols · South Africa
917
-14
DonJuan14
1:50 Loom
16:27 Feudal Age
16:51 Horse Collar
17:00 Double-Bit Axe
23:44 Castle Age
28:17 Heavy Plow
28:11 Gold Mining
28:34 Bow Saw
33:40 Arson
Goodbye old friend =)
9:41 Loom
10:33 Loom
13:23 Feudal Age
21:21 Castle Age
20:32 Double-Bit Axe
20:30 Horse Collar
26:46 Wheelbarrow
30:24 Fortified Wall
31:10 Heavy Plow
31:38 Bow Saw
32:07 Hand Cart
31:38 Town Watch
33:01 Masonry
32:47 Murder Holes
33:58 Detinets
35:01 Man-at-Arms
35:43 Squires
35:39 Fletching
36:24 Gold Mining
39:44 Imperial Age
38:55 Pikeman
38:56 Long Swordsman
41:45 Halberdier
42:55 Forging
42:51 Scale Barding Armor
44:41 Conscription
45:53 Scale Mail Armor
46:29 Iron Casting
45:46 Two-Handed Swordsman
47:08 Druzhina
47:29 Elite Boyar
49:24 Blast Furnace
48:40 Chain Mail Armor
48:45 Chain Barding Armor
48:21 Bodkin Arrow
48:08 Champion
52:27 Plate Mail Armor
53:23 Plate Barding Armor
54:21 Guard Tower
54:35 Padded Archer Armor
56:23 Two-Man Saw
57:14 Crop Rotation
72:06 Siege Engineers
73:00 Hoardings
76:10 Redemption
88:52 Sappers
93:09 Heavy Scorpion
96:33 Town Patrol
98:01 Ballistics
626464865
11:20 Feudal Age
15:07 Castle Age
12:52 Horse Collar
13:13 Double-Bit Axe
16:49 Bow Saw
18:12 Loom
21:51 Fishing Lines
22:30 Forging
23:26 Gillnets
24:18 Scale Barding Armor
26:53 Iron Casting
26:47 Chain Barding Armor
26:23 Loom
27:14 Wheelbarrow
27:31 Heavy Plow
28:10 Iron Casting
29:13 Bloodlines
29:05 Husbandry
33:49 Imperial Age
31:31 Grand Trunk Road
32:41 Padded Archer Armor
33:34 Devotion
34:10 Leather Archer Armor
34:13 Hand Cart
34:43 Heavy Camel Rider
36:15 Plate Barding Armor
37:08 Blast Furnace
36:36 Conscription
36:42 Imperial Camel Rider
45:14 Chemistry
44:47 Shatagni
44:57 Caravan
44:45 Light Cavalry
46:36 Gold Mining
46:15 Hussar
49:39 Gold Shaft Mining
56:59 Two-Man Saw
57:16 Ring Archer Armor
57:05 Fortified Wall
58:35 Masonry
GreenBeret
1:00 Loom
15:35 Feudal Age
21:18 Castle Age
22:01 Scale Mail Armor
26:15 Double-Bit Axe
30:22 Horse Collar
34:39 Wheelbarrow
39:34 Gold Mining
39:36 Stone Mining
43:34 Pikeman
46:47 Imperial Age
44:35 Hand Cart
45:30 Forging
45:36 Chain Mail Armor
47:19 Iron Casting
47:11 Capped Ram
49:05 Plate Mail Armor
49:36 Blast Furnace
52:33 Chemistry
51:57 Ballistics
55:07 Elite Skirmisher
55:53 Thumb Ring
55:40 Fletching
55:51 Padded Archer Armor
58:01 Drill
57:40 Bodkin Arrow
58:01 Leather Archer Armor
59:28 Murder Holes
61:18 Bracer
61:25 Scale Barding Armor
61:29 Siege Engineers
62:40 Siege Ram
64:09 Bow Saw
64:42 Gold Shaft Mining
77:28 Onager
79:01 Siege Onager
Felix
11:18 Feudal Age
12:35 Double-Bit Axe
15:24 Castle Age
13:22 Gold Mining
15:28 Horse Collar
16:31 Bow Saw
16:11 Loom
22:53 Stone Mining
23:57 Wheelbarrow
26:19 Stone Shaft Mining
28:59 Imperial Age
27:53 Bloodlines
27:44 Husbandry
27:38 Treadmill Crane
28:07 Scale Barding Armor
29:35 Chain Barding Armor
29:25 Heavy Plow
29:38 Forging
31:34 Conscription
30:35 Elite Monaspa
33:30 Plate Barding Armor
33:32 Iron Casting
33:34 Aznauri Cavalry
36:04 Blast Furnace
35:50 Caravan
39:55 Scale Mail Armor
39:49 Fletching
39:48 Pikeman
40:29 Squires
40:31 Halberdier
41:28 Chain Mail Armor
43:52 Guilds
48:16 Masonry
48:28 Ballistics
47:59 Guard Tower
55:54 Svan Towers
61:57 Heavy Scorpion
65:55 Bodkin Arrow
66:01 Padded Archer Armor
66:33 Plate Mail Armor
68:08 Bracer
68:39 Parthian Tactics
69:08 Heavy Cavalry Archer
70:42 Hoardings
73:06 Architecture
72:32 Murder Holes
72:43 Siege Engineers
73:43 Chemistry
78:47 Leather Archer Armor
81:22 Onager
95:18 Arrowslits
102:05 Siege Onager
MIN
11:57 Feudal Age
15:56 Castle Age
14:17 Double-Bit Axe
15:53 Forging
16:53 Scale Barding Armor
23:06 Iron Casting
29:36 Wheelbarrow
28:55 Gold Mining
32:56 Chain Barding Armor
33:16 Gold Shaft Mining
37:21 Imperial Age
37:41 Bow Saw
38:38 Conscription
37:52 Cavalier
38:35 Husbandry
39:38 Blast Furnace
43:26 Paladin
44:44 Plate Barding Armor
51:21 Chemistry
62:17 Light Cavalry
64:24 Elite Skirmisher
65:07 Fletching
65:26 Pikeman
66:39 Hand Cart
66:26 Bodkin Arrow
66:34 Scale Mail Armor
65:56 Halberdier
67:09 Ballistics
67:55 Squires
68:34 Gambesons
68:53 Padded Archer Armor
69:10 Chain Mail Armor
71:42 Leather Archer Armor
72:00 Plate Mail Armor
71:45 Caravan
76:37 Coinage
81:10 Murder Holes
94:22 Banking
hh29
0:44 Loom
21:06 Feudal Age
43:58 Castle Age
41:54 Double-Bit Axe
41:53 Horse Collar
44:29 Forging
44:26 Scale Mail Armor
45:26 Squires
46:26 Iron Casting
45:16 Pikeman
47:20 Wheelbarrow
55:19 Imperial Age
54:42 Chain Mail Armor
57:55 Imperial Age
59:30 Gold Mining
62:05 Gold Shaft Mining
62:28 Halberdier
62:46 Halberdier
63:39 Halberdier
67:10 Bow Saw
67:42 Heavy Plow
68:53 Two-Man Saw
70:11 Hand Cart
73:52 Crop Rotation
79:22 Stone Mining
81:19 Blast Furnace
82:43 Capped Ram
84:34 Plate Mail Armor
85:16 Onager
87:46 Conscription
102:04 Siege Onager
hondayu
11:00 Feudal Age
16:01 Castle Age
13:57 Double-Bit Axe
15:36 Bloodlines
16:06 Scale Barding Armor
23:47 Bow Saw
23:22 Horse Collar
27:38 Wheelbarrow
26:49 Town Watch
27:22 Husbandry
31:44 Imperial Age
29:53 Forging
30:06 Chain Barding Armor
29:52 Fletching
30:28 Heavy Plow
31:33 Iron Casting
31:25 Cavalier
32:37 Citadels
33:15 Conscription
34:40 Savar
39:45 Squires
39:31 Gambesons
39:07 Pikeman
39:49 Scale Mail Armor
41:51 Hand Cart
43:59 Chemistry
44:26 Masonry
46:45 Halberdier
47:40 Stone Mining
47:41 Gold Mining
48:55 Two-Man Saw
48:28 Crop Rotation
50:52 Chain Mail Armor
51:38 Blast Furnace
58:57 Plate Mail Armor
58:24 Bodkin Arrow
60:28 Plate Barding Armor
62:12 Padded Archer Armor
63:04 Thumb Ring
62:20 Crossbowman
65:27 Kamandaran
67:40 Parthian Tactics
67:34 Leather Archer Armor
78:50 Ring Archer Armor
91:25 Architecture
94:08 Elite War Elephant
100:30 Ballistics
Connection lost

Rejoining the realm…

Still unreachable

The connection could not be restored.

Session expired

The server has moved on; the page needs a fresh start.